 Dungeon Crawl Stone Soup version 0.29.0-4-gdea44cf6ec (webtiles) character file.

Game seed: 9728556070802047320

2454 qw the Grappler (level 9, 0/92 HPs)
             Began as a Troll Cinder Acolyte on Sept 1, 2022.
             Was a Priest of Ignis.
             Slain by a two-headed ogre
             ... wielding a +0 giant spiked club
              (33 damage)
             ... on level 8 of the Dungeon.
             The game lasted 00:02:52 (5734 turns).

qw the Grappler (Troll Cinder Acolyte)              Turns: 5734, Time: 00:02:53

Health: 0/92       AC: 14    Str: 28    XL:     9   Next: 25%
Magic:  9/9        EV:  9    Int:  8    God:    Ignis [***...]
Gold:   246        SH:  0    Dex:  5    Spells: 10/10 levels left

rFire   + . .      SeeInvis .     - Unarmed
rCold   + . .      Faith    .   (no shield)
rNeg    . . .      Spirit   .   a - +0 robe
rPois   +          Reflect  .   (helmet restricted)
rElec   .          Harm     .   e - +0 cloak
rCorr   .          Rampage  .   (gloves unavailable)
Will    .....                   (boots unavailable)
Stlth   +.........              (no amulet)
HPRegen 1.05/turn               b - ring "Goepe" {Ice rPois}
MPRegen 0.11/turn               (no ring)

@: fiery-armoured
A: large, unfitting armour, claws 3, regeneration 1, shaggy fur 1, tough skin 1,
beak, iridescent scales 1, dopey 1, fire resistance 1, robust 1
a: Renounce Religion, Fiery Armour, Foxfire Swarm, Rising Flame


You were on level 8 of the Dungeon.
You worshipped Ignis.
Ignis was most pleased with you.
You visited 1 branch of the dungeon, and saw 8 of its levels.

You collected 379 gold pieces.
You spent 133 gold pieces at shops.


Innate Abilities, Weirdness & Mutations

You are too large for most types of armour.
You have claws for hands.
Your natural rate of healing is unusually fast.
You are covered in fur. (AC +1)
You have tough skin. (AC +1)
You have a beak for a mouth.
You are partially covered in iridescent scales. (AC +2)
You are dopey. (Int -2)
Your flesh is heat resistant. (rF+)
You are robust. (+10% HP)


   Skills:
 - Level 4.3 Fighting
 + Level 0.0 Throwing
 - Level 1.1 Dodging
 - Level 12.0 Unarmed Combat
 - Level 1.0 Spellcasting
 - Level 2.1 Fire Magic


You had 10 spell levels left.
You didn't know any spells.
Your spell library contained the following spells:

 Spells                   Type           Power      Damage    Failure   Level
 Scorch                   Fire           6%         2d5       24%         2

Inventory:

Missiles
 m - 8 boomerangs (quivered)
Armour
 a - a +0 robe (worn)
 e - a +0 cloak (worn)
Jewellery
 b - the ring "Goepe" (left claw) {Ice rPois}
   (You acquired it on level 2 of the Dungeon)

   [ring of ice]

   It enhances your ice magic.
   rF:        It makes you vulnerable to fire.
   rC:        It protects you from cold.
   rPois:     It protects you from poison.
 g - a +4 ring of evasion
 l - a ring of fire
Scrolls
 i - 3 scrolls of teleportation
 n - 4 scrolls of identify
 p - 2 scrolls of brand weapon
Potions
 c - a potion of cancellation {unknown}
 d - 5 potions of might
 f - 3 potions of heal wounds
 h - 3 potions of mutation
 j - a potion of haste
 k - 2 potions of curing

Dungeon Overview and Level Annotations

Branches:
Dungeon (8/15)             Temple (0/1) D:4
   Lair: D:8-11

Altars:
Vehumet
Zin
The Shining One

Shops:
D:4 ?

Annotations:
D:2 1 runed translucent door, Crazy Yiuf
D:5 2 transporters, qw's ghost, novice TrCA


Message History

The magic dart hits you! The orc hits you but does no damage.
You scratch the orc wizard but do no damage.
Your peck misses the orc wizard.
The orc wizard hits you but does no damage.
The orc closely misses you.
You closely miss the orc wizard. You mangle the orc wizard!!
You kill the orc wizard!
The orc hits you with a +0 club.
You closely miss the orc. The orc hits you with a +0 club.
You claw the orc!
You kill the orc!
You start resting.
HP restored.
g - a +4 ring of evasion You see here a +0 mace.
m - 3 boomerangs
Items here: %% )) [.
You see here 8 stones.
m - 8 boomerangs (gained 5)
Found a stone staircase leading down.
Enter note: You see here a wand of charming (5).
A two-headed ogre comes into view.
It is wielding a +0 giant spiked club and a +0 giant club.
The two-headed ogre shouts in stereo!
Throw: 8 boomerangs
Press: ? - help, Q - select action Shift-Dir - straight line, f - two-headed ogre You throw a boomerang.
The boomerang hits the two-headed ogre.
The two-headed ogre is lightly wounded.
You scratch the two-headed ogre. You peck the two-headed ogre.
The two-headed ogre is lightly wounded.
The two-headed ogre hits you with a +0 giant spiked club!!
The two-headed ogre hits you with a +0 giant club!!
5733 ||| INVOKING Fiery Armour.
A protective cloak of flame settles atop you.
You barely miss the two-headed ogre. Your claw misses the two-headed ogre.
The two-headed ogre is lightly wounded.
The two-headed ogre hits you with a +0 giant spiked club!!
You die...

......##.#..########/..##.<......
............# #...######.##.
......####..# #...# .#
#####.####..# #####...# #
#####.....!.# #......)#
##..........# #.###...#
...##.####### #.# #...# #####.#
#.# ##### ......# #@# #######
#...O........ #.###.####### #.#
..# #.# #.. #.#


You could see a two-headed ogre.

Vanquished Creatures
  Sigmund (D:6)
  Eustachio (D:6)
  A steam dragon (D:7)
  3 water moccasins
  An ice beast (D:5)
  A black bear (D:6)
  2 ogres
  A phantom (D:6)
  2 bullfrogs
  2 scorpions
  4 killer bees (D:8)
  2 howler monkeys (D:5)
  A hound (D:5)
  2 jellies
  A gnoll bouda (D:5)
  5 orc priests
  7 iguanas
  Jessica (D:2)
  3 orc wizards
  Robin (D:2)
  3 gnolls (D:2)
  8 adders
  A white imp (D:7)
  2 ufetubi (D:5)
  4 worms
  A dart slug (D:5)
  13 orcs
  3 ball pythons
  7 bats
  5 endoplasms
  3 giant cockroaches
  19 goblins
  5 hobgoblins
  7 jackals (D:1)
  4 kobolds
  4 quokkas
  6 frilled lizards
  5 rats
142 creatures vanquished.

Notes
Turn   | Place    | Note
-------+----------+-------------------------------------------
     0 | D:1      | qw the Troll Cinder Acolyte began the quest for the Orb.
     0 | D:1      | Reached XP level 1. HP: 22/22 MP: 1/1
     0 | D:1      | 0 ||| qw: Version: 0.1-a-97-g2dd2ca4
     0 | D:1      | 0 ||| qw: Game counter: 4872
     0 | D:1      | 0 ||| qw: Always use a shield: true
     0 | D:1      | 0 ||| qw: God list: Okawaru
     0 | D:1      | 0 ||| qw: Allow faded altars: false
     0 | D:1      | 0 ||| qw: Do Orc after D:15 true
     0 | D:1      | 0 ||| qw: Do second Lair branch before Depths: true
     0 | D:1      | 0 ||| qw: Lair rune preference: random
     0 | D:1      | 0 ||| qw: Plans: Normal
     0 | D:1      | 0 ||| PLANNING D:1-11
    70 | D:1      | Reached XP level 2. HP: 29/29 MP: 2/2
   262 | D:1      | Reached skill level 4 in Unarmed Combat
   533 | D:1      | Reached XP level 3. HP: 31/36 MP: 3/3
   732 | D:1      | 732 ||| Stepping ~*~*~tactically~*~*~ (stealth).
   756 | D:1      | Found a faded altar of an unknown god.
   998 | D:1      | 998 ||| READING scroll labelled ZYENKU DUUFOOR.
  1002 | D:1      | 1002 ||| DRINKING 2 glowing amethyst potions.
  1003 | D:1      | 1003 ||| DROPPING potion of degeneration.
  1033 | D:2      | 1033 ||| STAIRDANCE
  1145 | D:2      | 1145 ||| Stepping ~*~*~tactically~*~*~ (outnumbered).
  1155 | D:2      | Noticed Jessica
  1158 | D:2      | 1158 ||| INVOKING Fiery Armour.
  1162 | D:2      | Killed Jessica
  1163 | D:2      | Reached skill level 5 in Unarmed Combat
  1163 | D:2      | Reached XP level 4. HP: 36/44 MP: 4/4
  1166 | D:2      | 1166 ||| Stepping ~*~*~tactically~*~*~ (outnumbered).
  1167 | D:2      | 1167 ||| Stepping ~*~*~tactically~*~*~ (outnumbered).
  1168 | D:2      | 1168 ||| Stepping ~*~*~tactically~*~*~ (outnumbered).
  1169 | D:2      | 1169 ||| Stepping ~*~*~tactically~*~*~ (outnumbered).
  1170 | D:2      | 1170 ||| Stepping ~*~*~tactically~*~*~ (outnumbered).
  1170 | D:2      | Noticed Robin
  1171 | D:2      | 1171 ||| Stepping ~*~*~tactically~*~*~ (outnumbered).
  1172 | D:2      | 1172 ||| Stepping ~*~*~tactically~*~*~ (outnumbered).
  1181 | D:2      | Killed Robin
  1184 | D:2      | 1184 ||| Stepping ~*~*~tactically~*~*~ (outnumbered).
  1185 | D:2      | 1185 ||| Stepping ~*~*~tactically~*~*~ (outnumbered).
  1190 | D:2      | Reached XP level 5. HP: 49/50 MP: 5/5
  1285 | D:2      | 1285 ||| Stepping ~*~*~tactically~*~*~ (stealth).
  1315 | D:2      | Found a runed translucent door.
  1316 | D:2      | Noticed Crazy Yiuf
  1580 | D:2      | 1580 ||| READING scroll labelled ITHIEK JITWAK.
  1581 | D:2      | 1581 ||| READING scroll labelled YMOCVA CEIC.
  1581 | D:2      | Identified a scroll of acquirement
  1581 | D:2      | 1581 ||| ACQUIRING ring "Goepe" {Ice rPois}
  1581 | D:2      | Acquired the ring "Goepe" {Ice rPois}
  1583 | D:2      | 1583 ||| UPGRADING to ring "Goepe" {Ice rPois}.
  1584 | D:2      | 1584 ||| DRINKING 2 red potions.
  1625 | D:2      | 1625 ||| DRINKING 2 bubbling red potions.
  1625 | D:2      | Gained mutation: You are partially covered in iridescent
                  | scales. (AC +2) [potion of mutation]
  1625 | D:2      | Gained mutation: Your flesh is heat resistant. (rF+)
                  | [potion of mutation]
  1625 | D:2      | Gained mutation: You are dopey. (Int -2) [potion of
                  | mutation]
  1625 | D:2      | Gained mutation: You have hidden genetic potential. [potion
                  | of mutation]
  1626 | D:2      | 1626 ||| DROPPING potion of lignification.
  1910 | D:3      | 1910 ||| Stepping ~*~*~tactically~*~*~ (stealth).
  1917 | D:3      | Reached skill level 6 in Unarmed Combat
  1921 | D:3      | 1921 ||| INVOKING Fiery Armour.
  1922 | D:3      | 1922 ||| Stepping ~*~*~tactically~*~*~ (outnumbered).
  1961 | D:3      | 1961 ||| Stepping ~*~*~tactically~*~*~ (stealth).
  2244 | D:3      | 2244 ||| UPGRADING to +0 cloak.
  2277 | D:4      | Found a staircase to the Ecumenical Temple.
  2523 | D:4      | Found a glowing silver altar of Zin.
  2893 | D:4      | Found Jyoviwal's Magic Scroll Shop.
  2902 | D:4      | 2902 ||| BUYING scroll of brand weapon (133 gold).
  2902 | D:4      | Bought a scroll of brand weapon for 133 gold pieces
  2902 | D:4      | 2902 ||| SHOPLISTING scroll of enchant armour (105 gold,
                  | have 24).
  2902 | D:4      | 2902 ||| SHOPLISTING scroll of identify (28 gold, have 24).
  2902 | D:4      | 2902 ||| SHOPLISTING scroll of teleportation (42 gold, have
                  | 24).
  2993 | D:4      | 2993 ||| READING 3 scrolls labelled XYISEWNUVIGI.
  2994 | D:4      | 2994 ||| READING scroll labelled PEINOY XOUF.
  2995 | D:4      | 2995 ||| READING scroll labelled DOIFIG NIEPAU.
  2996 | D:4      | 2996 ||| READING 5 scrolls labelled MIGHUG SUTO.
  2997 | D:4      | 2997 ||| DRINKING 2 fuming white potions.
  2998 | D:4      | 2998 ||| DRINKING 2 orange potions.
  2999 | D:4      | 2999 ||| DRINKING 2 silvery potions.
  3000 | D:4      | 3000 ||| DRINKING 2 golden potions.
  3101 | D:4      | 3101 ||| DROPPING potion of magic.
  3102 | D:4      | 3102 ||| DROPPING potion of ambrosia.
  3103 | D:4      | 3103 ||| DROPPING 2 scrolls of immolation.
  3104 | D:4      | 3104 ||| DROPPING 4 scrolls of noise.
  3133 | D:5      | Entered Level 5 of the Dungeon
  3134 | D:5      | 3134 ||| PLANNING SEWER
  3159 | D:5      | Found a transporter.
  3164 | D:5      | Noticed qw's ghost (novice TrCA)
  3185 | D:5      | Found a transporter.
  3199 | D:5      | 3199 ||| Stepping ~*~*~tactically~*~*~ (stealth).
  3200 | D:5      | 3200 ||| Stepping ~*~*~tactically~*~*~ (stealth).
  3220 | D:5      | Reached XP level 6. HP: 59/59 MP: 6/6
  3239 | D:5      | 3239 ||| Stepping ~*~*~tactically~*~*~ (stealth).
  3241 | D:5      | 3241 ||| Stepping ~*~*~tactically~*~*~ (outnumbered).
  3242 | D:5      | 3242 ||| Stepping ~*~*~tactically~*~*~ (outnumbered).
  3258 | D:5      | Reached skill level 7 in Unarmed Combat
  3278 | D:5      | Gained mutation: You are robust. (+10% HP) [hidden
                  | potential]
  3325 | D:5      | 3325 ||| FLEEEEING.
  3432 | D:5      | Noticed a water moccasin
  3433 | D:5      | 3433 ||| Stepping ~*~*~tactically~*~*~ (stealth).
  3434 | D:5      | Found a glowing golden altar of the Shining One.
  3435 | D:5      | 3435 ||| Stepping ~*~*~tactically~*~*~ (hiding).
  3440 | D:5      | Reached skill level 8 in Unarmed Combat
  3449 | D:5      | Reached XP level 7. HP: 62/72 MP: 7/7
  3463 | D:5      | Reached skill level 3 in Fighting
  3482 | D:5      | Gained mutation: You have a beak for a mouth. [hidden
                  | potential]
  3482 | D:5      | Lost mutation: You have hidden genetic potential. [hidden
                  | potential expressed]
  3888 | D:5      | 3888 ||| RIP SEWER
  3889 | D:5      | Reached skill level 9 in Unarmed Combat
  3889 | D:5      | 3889 ||| PLANNING D:1-11
  3960 | D:5      | 3960 ||| READING scroll labelled LUYGHE MIALE.
  3961 | D:5      | 3961 ||| READING scroll labelled BOROAXAEZEOJI.
  3962 | D:5      | 3962 ||| READING scroll labelled EPERIQIYFUM.
  3963 | D:5      | 3963 ||| READING 3 scrolls of identify.
  3963 | D:5      | 3963 ||| IDENTIFYING grey potion
  3964 | D:5      | 3964 ||| READING 2 scrolls of identify.
  3964 | D:5      | 3964 ||| IDENTIFYING amethyst potion
  3965 | D:5      | 3965 ||| DROPPING potion of attraction.
  4004 | D:6      | 4004 ||| Stepping ~*~*~tactically~*~*~ (hiding).
  4094 | D:6      | Reached skill level 1 in Dodging
  4102 | D:6      | Reached XP level 8. HP: 81/83 MP: 8/8
  4102 | D:6      | Noticed Sigmund
  4103 | D:6      | 4103 ||| Stepping ~*~*~tactically~*~*~ (hiding).
  4105 | D:6      | 4105 ||| Stepping ~*~*~tactically~*~*~ (hiding).
  4115 | D:6      | Killed Sigmund
  4135 | D:6      | Reached skill level 10 in Unarmed Combat
  4175 | D:6      | 4175 ||| FLEEEEING.
  4176 | D:6      | 4176 ||| FLEEEEING.
  4177 | D:6      | 4177 ||| Stepping ~*~*~tactically~*~*~ (hiding).
  4178 | D:6      | 4178 ||| Stepping ~*~*~tactically~*~*~ (hiding).
  4201 | D:6      | 4201 ||| Stepping ~*~*~tactically~*~*~ (stealth).
  4205 | D:6      | 4205 ||| Stepping ~*~*~tactically~*~*~ (stealth).
  4206 | D:6      | 4206 ||| Stepping ~*~*~tactically~*~*~ (stealth).
  4315 | D:6      | Noticed Eustachio
  4320 | D:6      | 4320 ||| INVOKING Fiery Armour.
  4332 | D:6      | Killed Eustachio
  4346 | D:6      | Reached skill level 11 in Unarmed Combat
  4349 | D:6      | Found a radiant altar of Vehumet.
  4619 | D:6      | 4619 ||| DRINKING 3 metallic amethyst potions.
  4620 | D:6      | 4620 ||| READING 2 scrolls of identify.
  4620 | D:6      | 4620 ||| IDENTIFYING brown potion
  4621 | D:6      | 4621 ||| DROPPING 2 potions of invisibility.
  4984 | D:7      | Reached XP level 9. HP: 92/92 MP: 9/9
  5057 | D:7      | 5057 ||| Stepping ~*~*~tactically~*~*~ (stealth).
  5058 | D:7      | 5058 ||| Stepping ~*~*~tactically~*~*~ (stealth).
  5177 | D:7      | 5177 ||| Stepping ~*~*~tactically~*~*~ (stealth).
  5178 | D:7      | 5178 ||| Stepping ~*~*~tactically~*~*~ (stealth).
  5179 | D:7      | 5179 ||| Stepping ~*~*~tactically~*~*~ (stealth).
  5187 | D:7      | 5187 ||| Stepping ~*~*~tactically~*~*~ (outnumbered).
  5240 | D:7      | 5240 ||| Stepping ~*~*~tactically~*~*~ (hiding).
  5312 | D:7      | 5312 ||| READING scroll labelled CEROLO OTAC.
  5346 | D:8      | 5346 ||| Stepping ~*~*~tactically~*~*~ (stealth).
  5347 | D:8      | 5347 ||| Stepping ~*~*~tactically~*~*~ (stealth).
  5348 | D:8      | 5348 ||| Stepping ~*~*~tactically~*~*~ (stealth).
  5349 | D:8      | 5349 ||| Stepping ~*~*~tactically~*~*~ (stealth).
  5364 | D:8      | 5364 ||| INVOKING Fiery Armour.
  5376 | D:8      | 5376 ||| FLEEEEING.
  5384 | D:8      | 5384 ||| STAIRDANCE
  5515 | D:8      | Reached skill level 12 in Unarmed Combat
  5602 | D:8      | 5602 ||| Stepping ~*~*~tactically~*~*~ (hiding).
  5603 | D:8      | 5603 ||| Stepping ~*~*~tactically~*~*~ (hiding).
  5607 | D:8      | 5607 ||| Stepping ~*~*~tactically~*~*~ (outnumbered).
  5729 | D:8      | Noticed a two-headed ogre
  5733 | D:8      | 5733 ||| INVOKING Fiery Armour.
  5734 | D:8      | Slain by a two-headed ogre

Levels and vault maps discovered:
D:1:      dpeg_arrival_brainrot, layout_loops_corners, basic_ecumenical_altar,
          minmay_misc_feat_chi
D:2:      layout_rooms, uniq_robin, uniq_crazy_yiuf_cottage, uniq_jessica
D:3:      layout_loops_ring, minmay_between
D:4:      layout_gridville, zin_scriptorium,
          minmay_temple_entry_drinking_statues, serial_shops, shop_scrolls
D:5:      layout_basic, gammafunk_ghost_arena, portal_sewer_entry_d,
          serial_curves, eino_curves_04, eino_curves_04, minmay_ruined_shrine
D:6:      layout_basic, mainiacjoe_overflow_small_starburst, uniq_sigmund,
          uniq_eustachio
D:7:      layout_basic
D:8:      layout_loops_cross

Skill      XL: |  1  2  3  4  5  6  7  8  9 |
---------------+----------------------------+-----
Unarmed Combat | 4 5 6 8 9 11 12 | 12.0
Fighting       | 3 4 |  4.3
Dodging        | 1 |  1.1
Spellcasting   | |  1.0
Fire Magic     | |  2.1

Action                   |  1- 3 |  4- 6 |  7- 9 || total
-------------------------+-------+-------+-------++-------
Melee: Unarmed           |    95 |   130 |   135 ||   360
       Punch             |     2 |     5 |     4 ||    11
       Peck              |       |       |    13 ||    13
Throw: Boomerang         |       |       |     1 ||     1
Invok: Fiery Armour      |     1 |     1 |     3 ||     5
  Use: Scroll            |     1 |     6 |     7 ||    14
       Potion            |     1 |     6 |     1 ||     8
Armor: Robe              |    31 |    44 |    36 ||   111
Dodge: Dodged            |    45 |    38 |    39 ||   122

Table legend:
 A = Non-vault XP
 B = Vault XP
 C = Vault XP percentage of total XP
 D = Non-vault monster count
 E = Vault monster count
 F = Vault count percentage of total count
                 A         B        C        D         E       F
            +---------+---------+-------+---------+---------+-------
      Total |    2688 |     818 |  23.3 |     114 |      28 |  19.7
            +---------+---------+-------+---------+---------+-------
        D:1 |      49 |       2 |   3.9 |      28 |       1 |   3.4
        D:2 |      97 |      74 |  43.3 |      19 |      13 |  40.6
        D:3 |       8 |      22 |  73.3 |       5 |       4 |  44.4
        D:4 |      14 |       0 |   0.0 |       7 |       0 |   0.0
        D:5 |     754 |     303 |  28.7 |      18 |       8 |  30.8
        D:6 |     829 |     417 |  33.5 |      16 |       2 |  11.1
        D:7 |     478 |       0 |   0.0 |       8 |       0 |   0.0
        D:8 |     459 |       0 |   0.0 |      13 |       0 |   0.0
            +---------+---------+-------+---------+---------+-------
